 Dungeon Crawl Stone Soup version 0.26-a0-648-g87339cca5e (webtiles) character file.

Game seed: 15927986081419476045

21218 Gargoyl the Fighter (level 12, 0/97 HPs)
             Began as a Gnoll Abyssal Knight on Sept 24, 2020.
             Was a High Priest of Lugonu.
             Killed from afar by a molten gargoyle (20 damage)
             ... with a bolt of magma
             ... in a volcano on Sept 25, 2020.
             The game lasted 00:21:46 (14928 turns).

Gargoyl the Fighter (Gnoll Abyssal Knight)         Turns: 14928, Time: 00:21:47

Health: 0/97       AC: 26    Str: 19    XL:     12   Next: 87%
Magic:  15/23      EV:  8    Int: 16    God:    Lugonu [*****.]
Gold:   725        SH: 16    Dex: 14    Spells: 26/26 levels left

rFire    . . .     SeeInvis .   a - +6 hand axe
rCold    . . .     Faith    .   i - +0 kite shield
rNeg     . . .     Spirit   .   s - +0 plate armour
rPois    .         Reflect  +   (helmet restricted)
rElec    .         Harm     .   p - +2 cloak
rCorr    .         Rampage  +   q - +2 pair of gloves
MR       ++...                  M - +2 pair of boots {rampage}
Stlth    ..........             A - amulet of reflection
HPRegen  0.26/turn              o - ring of protection from magic
MPRegen  0.18/turn              m - ring of protection from magic

@: no status effects
A: distributed training, fangs 1, horns 1, thin metallic scales 1, strong nose
a: Depart the Abyss, Bend Space, Banish, Corrupt, Enter the Abyss, Renounce
Religion


You were in a volcano.
You worshipped Lugonu.
Lugonu was extremely pleased with you.
You visited 2 branches of the dungeon, and saw 13 of its levels.
You visited the Abyss 1 time.
You also visited: Volcano.

You collected 1039 gold pieces.
You spent 314 gold pieces at shops.

Inventory:

Hand Weapons
 a - a +6 hand axe (weapon)
 F - a +5 hand axe
 K - the +5 spear of Ypsazir {holy, Str+3 Dex+4}
   (You found it on level 11 of the Dungeon)

   It has been blessed by the Shining One to cause great damage to the undead
   and demons.
   It affects your strength (+3).
   It affects your dexterity (+4).
Missiles
 e - 9 curare-tipped darts (quivered)
Armour
 i - a +0 kite shield (worn)
 p - a +2 cloak (worn)
 q - a +2 pair of gloves (worn)
 s - a +0 plate armour (worn)
 M - a +2 pair of boots of rampaging (worn)
Jewellery
 h - an uncursed ring of resist corrosion
 m - a ring of protection from magic (right hand)
 o - a ring of protection from magic (left hand)
 A - an amulet of reflection (around neck)
 G - an uncursed ring of flight
Wands
 b - a wand of paralysis (8)
 t - a wand of random effects (75)
 H - a wand of enslavement (5)
 I - a wand of digging (6)
 J - a wand of flame (9)
 L - a wand of disintegration (8)
Scrolls
 f - 4 scrolls of identify
 j - 6 scrolls of fear
 l - 3 scrolls of blinking
 r - 6 scrolls of teleportation
 y - a scroll of magic mapping
 D - 5 scrolls of remove curse
Potions
 c - 2 potions of haste
 d - a potion of resistance
 g - a potion of mutation
 k - 3 potions of brilliance
 n - 3 potions of curing
 u - 8 potions of heal wounds
 v - 2 potions of berserk rage
 w - a potion of ambrosia
 x - 2 potions of stabbing
 z - a potion of invisibility
 B - 2 potions of might
 C - 2 potions of lignification {unknown}
 E - 2 potions of cancellation {unknown}


   Skills:
 + Level 10.1 Fighting
 + Level 7.7 Short Blades
 + Level 7.7 Long Blades
 + Level 9.0 Axes
 + Level 7.7 Maces & Flails
 + Level 7.7 Polearms
 + Level 7.7 Staves
 + Level 7.7 Slings
 + Level 7.7 Bows
 + Level 7.7 Crossbows
 + Level 7.7 Throwing
 + Level 9.0 Armour
 + Level 8.2 Dodging
 + Level 7.7 Stealth
 + Level 7.7 Shields
 + Level 7.7 Unarmed Combat
 + Level 7.7 Spellcasting
 + Level 6.4 Conjurations
 + Level 6.4 Hexes
 + Level 6.4 Summonings
 + Level 6.4 Necromancy
 + Level 6.4 Translocations
 + Level 6.4 Transmutations
 + Level 6.4 Fire Magic
 + Level 6.4 Ice Magic
 + Level 6.4 Air Magic
 + Level 6.4 Earth Magic
 + Level 6.4 Poison Magic
 + Level 9.6 Invocations
 + Level 7.7 Evocations


You had 26 spell levels left.
You didn't know any spells.
Your spell library contained the following spells:

 Spells                   Type           Power        Failure   Level
 Animate Skeleton         Necr           ####..       41%         1
 Apportation              Tloc           ####..       41%         1
 Beastly Appendage        Tmut           ####..       41%         1
 Corona                   Hex            ####...      41%         1
 Freeze                   Ice            ####         41%         1
 Summon Small Mammal      Summ           ####         41%         1
 Wereblood                Tmut           ####....     56%         2
 Confusing Touch          Hex            ####....     80%         3
 Frozen Ramparts          Ice            ####..       80%         3
 Gell's Gravitas          Tloc           ####......   80%         3
 Ozocubu's Armour         Ice            ####....     80%         3
 Spider Form              Tmut/Pois      ####......   80%         3
 Hailstorm                Conj/Ice       ####....     99%         4
 Ice Form                 Ice/Tmut       ####....     99%         4
 Petrify                  Tmut/Erth      ####....     99%         4
 Summon Ice Beast         Ice/Summ       ####....     99%         4
 Blade Hands              Tmut           ####......   100%        5
 Metabolic Englaciation   Hex/Ice        ####......   100%        5
 Summon Demon             Summ           ####......   100%        5
 Summon Forest            Summ/Tloc      ####......   100%        5
 Summon Mana Viper        Hex/Summ       ####....     100%        5
 Yara's Violent Unravell  Hex/Tmut       ####......   100%        5
 Shadow Creatures         Summ           N/A          100%        6
 Summon Hydra             Summ           ####......   100%        7


Dungeon Overview and Level Annotations

Branches:
Dungeon (11/15)            Temple (0/1) D:4            Lair (2/6) D:11
    Orc (0/2) D:10        Volcano (1/1)
  Swamp: Lair:2-4    Shoals: Lair:2-4     Snake: Lair:2-4    Spider: Lair:2-4

Altars:
Ashenzari
Elyvilon
Fedhas
Makhleb
Nemelex Xobeh
Okawaru
Ru
Uskayaw
Wu Jian
Xom
Beogh

Shops:
D:5 (   D:6 ?

Annotations:
D:2 exclusion: oklob plant


Innate Abilities, Weirdness & Mutations

Your experience applies equally to all skills.
You have very sharp teeth.
Your uncanny sense of smell can sniff out nearby items.
You have a pair of small horns on your head.
You are partially covered in thin metallic scales. (AC +2)


Message History

You kill the steam dragon!
Lugonu accepts your kill.
The steam dragon scales are intact enough to wear.
The molten gargoyle blasts magma at you!
The bolt of magma hits you!
* * * LOW HITPOINT WARNING * * *
You are engulfed in a cloud of scalding steam.
* * * LOW HITPOINT WARNING * * *
The molten gargoyle blasts magma at you!
The bolt of magma misses you.
Press: ? - help, Shift-Dir - straight line, f - molten gargoyle
Aim: a molten gargoyle, wielding a -3 mace (chance to defeat MR: 57%)
The molten gargoyle resists with significant effort.
Lugonu is no longer ready to corrupt your weapon.
Press: ? - help, Shift-Dir - straight line, f/p - molten gargoyle
Aim: a molten gargoyle, wielding a -3 mace (chance to defeat MR: 57%)
The molten gargoyle resists with significant effort.
The molten gargoyle blasts magma at you!
The bolt of magma hits you!!
You die...

∆∆∆ ∆∆∆ ∆∆∆ ### #
####.##### #. #####
##.#......# ###.##...##
####....≈§§§..
#.8..#....###8.....§≈≈§≈≈≈
#._..'.9.@'.......≈≈≈§≈≈≈≈
#.8..#†[..###8....≈≈§§§≈§≈
###.##...## ###.§≈≈≈≈≈≈≈≈§
#. ##### ##..≈≈§≈≈≈§≈≈ #
##§.§§≈§≈§≈§§§ ∆∆∆
###.§§§≈§≈§≈≈≈§≈ ∆∆∆
#...§§§≈≈≈≈≈≈≈§§ ∆∆∆
#...§§§≈§≈§≈≈§≈§
##...§.≈≈§≈≈§§§≈


You could see a molten gargoyle.

Vanquished Creatures
  Harold (D:7)
  Erolcha (D:9)
  A centaur warrior (D:11)
  A two-headed ogre (D:11)
  A hell hog (Volcano)
  2 orc knights (D:10)
  2 ugly things (D:11)
  5 cyclopes
  2 cane toads (Lair:2)
  A kobold demonologist (D:11)
  2 komodo dragons
  A hornet (D:11)
  3 hippogriffs
  2 wraiths
  A wyvern (D:10)
  8 fire bats (Volcano)
  2 basilisks
  10 yaks (D:11)
  A steam dragon (Volcano)
  Edmund (D:6)
  4 porcupines
  3 water moccasins
  A hell hound (Volcano)
  3 ice beasts
  3 black bears
  8 orc warriors
  5 phantoms
  2 sky beasts
  5 ogres
  A necrophage (D:8)
  3 crocodiles
  2 centaurs
  2 big kobolds
  A gnoll sergeant (D:11)
  11 bullfrogs
  A wyvern skeleton (D:11)
  A water moccasin skeleton (D:11)
  4 scorpions
  A killer bee (D:7)
  12 wights
  7 howler monkeys
  7 lava snakes (Volcano)
  A centaur skeleton (D:4)
  4 centaur zombies
  4 hounds
  7 jellies
  8 orc priests
  16 orc wizards
  2 bullfrog skeletons
  Ijyb (D:3)
  5 iguanas
  13 worker ants
  A killer bee zombie (D:5)
  A mummy (D:5)
  A howler monkey zombie (D:9)
  8 gnolls
  15 adders
  3 shadow imps (D:7)
  7 white imps
  2 ufetubi
  2 adder skeletons
  5 worms
  A dart slug (D:1)
  6 leopard geckos
  57 orcs
  7 bats
  3 giant cockroaches
  6 hobgoblins
  2 jackals (D:2)
  4 quokkas
  4 ball pythons
  6 frilled lizards
  9 goblins
  11 kobolds
  A kobold zombie (D:5)
  A leopard gecko skeleton (D:7)
  An orc zombie (D:5)
  A quokka skeleton (D:9)
  8 rats
369 creatures vanquished.

Vanquished Creatures (others)
  An unseen horror (D:11)
  2 fungi (Lair:2)
  5 plants
8 creatures vanquished.

Grand Total: 377 creatures vanquished

Notes
Turn   | Place    | Note
-------+----------+-------------------------------------------
     0 | Abyss:1  | Gargoyl the Gnoll Abyssal Knight began the quest for the
                  | Orb.
     0 | Abyss:1  | Reached XP level 1. HP: 23/23 MP: 3/3
    33 | Abyss:1  | Noticed a purple very ugly thing
    56 | Abyss:2  | Noticed a tentacled starspawn
    59 | Abyss:2  | Noticed a small abomination
    76 | Abyss:2  | Noticed a small abomination
    76 | Abyss:2  | Noticed a large abomination
    89 | Abyss:2  | Noticed a ynoxinul
    99 | D:1      | Escaped the Abyss
   284 | D:1      | Reached XP level 2. HP: 29/29 MP: 5/5
   311 | D:1      | Reached * piety under Lugonu
   536 | D:1      | Reached XP level 3. HP: 27/35 MP: 6/6
  1310 | D:2      | Found a white marble altar of Elyvilon.
  1369 | D:2      | Reached skill level 1 in Short Blades
  1369 | D:2      | Reached skill level 1 in Long Blades
  1369 | D:2      | Reached skill level 1 in Maces & Flails
  1369 | D:2      | Reached skill level 1 in Polearms
  1369 | D:2      | Reached skill level 1 in Staves
  1369 | D:2      | Reached skill level 1 in Slings
  1369 | D:2      | Reached skill level 1 in Bows
  1369 | D:2      | Reached skill level 1 in Crossbows
  1369 | D:2      | Reached skill level 1 in Throwing
  1369 | D:2      | Reached skill level 1 in Stealth
  1369 | D:2      | Reached skill level 1 in Shields
  1369 | D:2      | Reached skill level 1 in Unarmed Combat
  1369 | D:2      | Reached skill level 1 in Spellcasting
  1369 | D:2      | Reached skill level 1 in Evocations
  1455 | D:2      | Reached XP level 4. HP: 41/41 MP: 7/7
  1555 | D:2      | Found a blossoming altar of Fedhas.
  1569 | D:2      | Noticed an oklob plant
  1817 | D:2      | Reached skill level 1 in Conjurations
  1817 | D:2      | Reached skill level 1 in Hexes
  1817 | D:2      | Reached skill level 1 in Summonings
  1817 | D:2      | Reached skill level 1 in Necromancy
  1817 | D:2      | Reached skill level 1 in Translocations
  1817 | D:2      | Reached skill level 1 in Transmutations
  1817 | D:2      | Reached skill level 1 in Fire Magic
  1817 | D:2      | Reached skill level 1 in Ice Magic
  1817 | D:2      | Reached skill level 1 in Air Magic
  1817 | D:2      | Reached skill level 1 in Earth Magic
  1817 | D:2      | Reached skill level 1 in Poison Magic
  2422 | D:2      | Reached XP level 5. HP: 26/47 MP: 8/8
  2633 | D:2      | Upgraded the game from 0.26-a0-646-g5d7718319a to
                  | 0.26-a0-648-g87339cca5e
  2938 | D:3      | Reached ** piety under Lugonu
  2997 | D:3      | Found a broken altar of Ashenzari.
  3072 | D:3      | Found a faded altar of an unknown god.
  3255 | D:3      | Found a white marble altar of Elyvilon.
  3267 | D:3      | Noticed Ijyb
  3289 | D:3      | Killed Ijyb
  3460 | D:4      | Reached skill level 5 in Invocations
  3460 | D:4      | Reached XP level 6. HP: 47/53 MP: 9/9
  3556 | D:4      | Reached skill level 5 in Axes
  3556 | D:4      | Reached skill level 5 in Armour
  3565 | D:4      | Found a staircase to the Ecumenical Temple.
  3670 | D:4      | Got a dazzling leather armour
  3814 | D:4      | Identified the cursed +0 leather armour of Xom's Approval
                  | {rPois MR+ Dex-3 Slay+6} (You found it on level 4 of the
                  | Dungeon)
  3975 | D:4      | Reached XP level 7. HP: 51/59 MP: 10/10
  4323 | D:5      | Entered Level 5 of the Dungeon
  4333 | D:5      | Reached skill level 7 in Fighting
  4712 | D:5      | You fall into a shaft and drop 1 floor!
  5040 | D:6      | Found Qiufiz's Magic Scroll Shop.
  5043 | D:6      | Bought a scroll of teleportation for 45 gold pieces
  5043 | D:6      | Bought a scroll of teleportation for 45 gold pieces
  5043 | D:6      | Bought a scroll of enchant weapon for 112 gold pieces
  5043 | D:6      | Bought a scroll of enchant armour for 112 gold pieces
  5096 | D:6      | Noticed Edmund
  5113 | D:6      | Killed Edmund
  5113 | D:6      | Reached *** piety under Lugonu
  5113 | D:6      | Reached XP level 8. HP: 60/67 MP: 12/12
  5828 | D:5      | Found a sacrificial altar of Ru.
  5828 | D:5      | Found a sparkling altar of Nemelex Xobeh.
  5830 | D:5      | Found a burning altar of Makhleb.
  5860 | D:5      | Found Giuwyf's Weapon Shop.
  6483 | D:7      | Reached XP level 9. HP: 65/72 MP: 14/14
  6749 | D:7      | Reached **** piety under Lugonu
  6808 | D:7      | Reached skill level 5 in Dodging
  7268 | D:6      | Gained mutation: You have a pair of small horns on your
                  | head. [potion of mutation]
  7268 | D:6      | Gained mutation: You are partially covered in thin metallic
                  | scales. (AC +2) [potion of mutation]
  7271 | D:6      | HP: 2/74 [poisoned by a worker ant]
  7713 | D:7      | Reached skill level 8 in Fighting
  7832 | D:7      | Noticed Harold
  7853 | D:7      | Killed Harold
  7853 | D:7      | Reached skill level 5 in Short Blades
  7853 | D:7      | Reached skill level 5 in Long Blades
  7853 | D:7      | Reached skill level 5 in Maces & Flails
  7853 | D:7      | Reached skill level 5 in Polearms
  7853 | D:7      | Reached skill level 5 in Staves
  7853 | D:7      | Reached skill level 5 in Slings
  7853 | D:7      | Reached skill level 5 in Bows
  7853 | D:7      | Reached skill level 5 in Crossbows
  7853 | D:7      | Reached skill level 5 in Throwing
  7853 | D:7      | Reached skill level 5 in Stealth
  7853 | D:7      | Reached skill level 5 in Shields
  7853 | D:7      | Reached skill level 5 in Unarmed Combat
  7853 | D:7      | Reached skill level 5 in Spellcasting
  7853 | D:7      | Reached skill level 5 in Evocations
  7853 | D:7      | Reached XP level 10. HP: 66/81 MP: 15/17
  8342 | D:8      | Found an ornate altar of the Wu Jian Council.
  8365 | D:8      | Found an iron altar of Okawaru.
  8365 | D:8      | Found a shimmering altar of Xom.
  8628 | D:8      | Noticed a cyclops
  8637 | D:8      | Killed a cyclops
  9116 | D:9      | Reached ***** piety under Lugonu
  9394 | D:9      | Noticed Erolcha
  9403 | D:9      | Killed Erolcha
  9590 | D:9      | Reached XP level 11. HP: 87/87 MP: 19/19
  9947 | D:10     | Entered Level 10 of the Dungeon
 10193 | D:10     | Reached skill level 9 in Fighting
 10360 | D:11     | Reached skill level 5 in Conjurations
 10360 | D:11     | Reached skill level 5 in Hexes
 10360 | D:11     | Reached skill level 5 in Summonings
 10360 | D:11     | Reached skill level 5 in Necromancy
 10360 | D:11     | Reached skill level 5 in Translocations
 10360 | D:11     | Reached skill level 5 in Transmutations
 10360 | D:11     | Reached skill level 5 in Fire Magic
 10360 | D:11     | Reached skill level 5 in Ice Magic
 10360 | D:11     | Reached skill level 5 in Air Magic
 10360 | D:11     | Reached skill level 5 in Earth Magic
 10360 | D:11     | Reached skill level 5 in Poison Magic
 10585 | D:10     | Noticed an orc knight
 10606 | D:10     | Noticed an orc knight
 10635 | D:10     | Killed an orc knight
 10644 | D:10     | Found a roughly hewn altar of Beogh.
 10644 | D:10     | Found a staircase to the Orcish Mines.
 10766 | D:10     | Killed an orc knight
 11541 | D:11     | Found a hide-covered altar of Uskayaw.
 11543 | D:11     | Noticed a purple ugly thing
 11563 | D:11     | Killed a purple ugly thing
 11832 | D:11     | Noticed a two-headed ogre
 11868 | D:11     | Killed a two-headed ogre
 12038 | D:11     | Noticed a cyclops
 12039 | D:11     | Noticed a centaur warrior
 12046 | D:11     | Noticed a cyclops
 12060 | D:11     | Killed a centaur warrior
 12060 | D:11     | Reached XP level 12. HP: 96/96 MP: 22/22
 12374 | D:11     | Found a staircase to the Lair.
 12934 | D:11     | Got a glimmering spear
 12935 | D:11     | Identified the +5 spear of Ypsazir {holy, Str+3 Dex+4} (You
                  | found it on level 11 of the Dungeon)
 12980 | Lair:1   | Entered Level 1 of the Lair of Beasts
 13912 | Lair:2   | Reached ****** piety under Lugonu
 14319 | Lair:2   | Noticed a six-headed hydra
 14321 | Lair:2   | Banished a six-headed hydra
 14321 | Lair:2   | Reached skill level 10 in Fighting
 14408 | Lair:2   | Found a dark tunnel.
 14417 | Volcano  | Entered a volcano
 14905 | Volcano  | Found a burning altar of Makhleb.
 14905 | Volcano  | Noticed a hell hog
 14920 | Volcano  | Killed a hell hog
 14928 | Volcano  | Killed from afar by a molten gargoyle

Illustrated notes

Levels and vault maps discovered:
D:1:      scummos_arrival_simple_crosswalls, layout_basic, minmay_fountain_box
D:2:      layout_loops_ring, tgw_fedhas, elyvilon_altar_5
D:3:      layout_basic, lemuel_crystal_altar, nicolae_overflow_crystal_walls,
          chequers_ecumenical_altar_simple_redux, cheibrodos_sewer_entry_drain,
          uniq_ijyb
D:4:      minmay_opposing_rooms, layout_cave_pools,
          minmay_temple_entry_large_hall, serial_rivers,
          chequers_serial_rivers_small_3, chequers_serial_rivers_micro_e,
          chequers_serial_rivers_small_b, chequers_serial_rivers_large_a,
          chequers_serial_rivers_large_b
D:5:      layout_cave_pods, grunt_temple_overflow_open, serial_shops,
          shop_fountains, nicolae_ossuary_entry_giza
D:6:      layout_basic, serial_shops, shop, uniq_edmund
D:7:      layout_cave_pools, small_statue_intersection, minmay_alternating_orb,
          uniq_harold
D:8:      minmay_tri_box, layout_basic, overflow_temple_1_default,
          overflow_temple_1_default, xom_teletrap_fun
D:9:      layout_roguey, uniq_erolcha
D:10:     layout_small_grid, david_orc_5
D:11:     layout_basic, lair_entry_dummy, basic_altar, hex_medium,
          minmay_the_grid_2x2 [minmay_the_grid_minigrid_small,
          minmay_the_grid_doors, minmay_the_grid_garden,
          minmay_the_grid_prize_trominoes]
Lair:1:   layout_regular_city
Lair:2:   layout_misc_corridors, enter_volcano_2, serial_rivers,
          chequers_serial_rivers_small_b, chequers_serial_rivers_small_a,
          chequers_serial_rivers_small_b, chequers_serial_rivers_micro_b,
          chequers_serial_rivers_room_b, grunt_megastairs_5,
          infiniplex_staircase_pool_2
Volcano:  volcano_grotto [vgs_original]

Skill      XL: |  1  2  3  4  5  6  7  8  9 10 11 12 |
---------------+-------------------------------------+-----
Short Blades   | 1 2 3 5 6 7 |  7.7
Long Blades    | 1 2 3 5 6 7 |  7.7
Maces & Flails | 1 2 3 5 6 7 |  7.7
Polearms       | 1 2 3 5 6 7 |  7.7
Staves         | 1 2 3 5 6 7 |  7.7
Slings         | 1 2 3 5 6 7 |  7.7
Bows           | 1 2 3 5 6 7 |  7.7
Crossbows      | 1 2 3 5 6 7 |  7.7
Throwing       | 1 2 3 5 6 7 |  7.7
Stealth        | 1 2 3 5 6 7 |  7.7
Shields        | 1 2 3 5 6 7 |  7.7
Unarmed Combat | 1 2 3 5 6 7 |  7.7
Spellcasting   | 1 2 3 5 6 7 |  7.7
Evocations     | 1 2 3 5 6 7 |  7.7
Conjurations   | 1 2 3 4 5 6 |  6.4
Hexes          | 1 2 3 4 5 6 |  6.4
Summonings     | 1 2 3 4 5 6 |  6.4
Necromancy     | 1 2 3 4 5 6 |  6.4
Translocations | 1 2 3 4 5 6 |  6.4
Transmutations | 1 2 3 4 5 6 |  6.4
Fire Magic     | 1 2 3 4 5 6 |  6.4
Ice Magic      | 1 2 3 4 5 6 |  6.4
Air Magic      | 1 2 3 4 5 6 |  6.4
Earth Magic    | 1 2 3 4 5 6 |  6.4
Poison Magic   | 1 2 3 4 5 6 |  6.4
Dodging        | 3 4 5 6 7 8 |  8.2
Invocations    | 5 6 7 8 9 |  9.6
Axes           | 5 6 7 8 9 |  9.0
Armour         | 5 6 7 8 9 |  9.0
Fighting       | 7 8 9 10 | 10.1

Action                   |  1- 3 |  4- 6 |  7- 9 | 10-12 || total
-------------------------+-------+-------+-------+-------++-------
Melee: Hand axe          |    63 |   185 |   326 |   820 ||  1394
       Bite              |     9 |    28 |    27 |   102 ||   166
       Headbutt          |       |       |    10 |   172 ||   182
Throw: Dart              |     6 |       |    10 |    19 ||    35
Invok: Depart the Abyss  |     1 |       |       |       ||     1
       Bend Space        |       |       |     1 |       ||     1
       Banish            |       |       |       |     3 ||     3
  Use: Scroll            |     3 |     8 |     8 |    12 ||    31
       Potion            |       |       |     3 |       ||     3
 Stab: Sleeping          |     2 |       |       |       ||     2
Armor: Leather armour    |     8 |       |       |       ||     8
       Scale mail        |     6 |    42 |       |       ||    48
       Ring mail         |     3 |       |       |       ||     3
       Plate armour      |       |    87 |   196 |   298 ||   581
Dodge: Dodged            |    56 |    91 |    79 |   122 ||   348
Block: Kite shield       |       |       |   186 |   579 ||   765
       Reflection        |       |       |     3 |    15 ||    18

Table legend: (Time is in decaauts)
 A = Elapsed time spent in this place.
 B = Non-inter-level travel time spent in this place.
 C = Inter-level travel time spent in this place.
 D = Time resting spent in this place.
 E = Time spent auto-exploring this place.
 F = Levels seen in this place.
 G = Mean time per level.
                   A        B        C        D        E       F      G
               +--------+--------+--------+--------+--------+-----+--------+
         Total |  14968 |  14354 |    614 |   2281 |   8736 |  16 |  935.5 |
       Dungeon |  12933 |  12320 |    613 |   2122 |   7247 |  11 | 1175.7 |
          Lair |   1432 |   1432 |      0 |    150 |   1068 |   2 |  716.0 |
         Abyss |     98 |     98 |      0 |      0 |     48 |   2 |   49.0 |
       Volcano |    504 |    504 |      0 |      9 |    372 |   1 |  504.0 |
               +--------+--------+--------+--------+--------+-----+--------+

Top non-repeatable levels by time:
    D:11: 1826 daAuts
     D:6: 1582 daAuts
     D:2: 1503 daAuts
     D:7: 1243 daAuts
    D:10: 1191 daAuts
     D:1: 1150 daAuts
     D:5: 976 daAuts
     D:8: 956 daAuts
     D:4: 927 daAuts
     D:9: 871 daAuts
  Lair:1: 804 daAuts
     D:3: 702 daAuts
  Lair:2: 627 daAuts
 Volcano: 504 daAuts
 Abyss:2: 61 daAuts
